 Dungeon Crawl Stone Soup version 0.31-a0-240-gb923e448b6 (webtiles) character file.

Game seed: 8412698161319643782

164 qw the Shooter (level 5, -7/45 HPs)
             Began as a Minotaur Hexslinger on July 11, 2023.
             Mangled by an ogre
             ... wielding a +0 giant spiked club
              (32 damage)
             ... on level 3 of the Dungeon.
             The game lasted 00:00:54 (1840 turns).

qw the Shooter (Minotaur Hexslinger)                Turns: 1840, Time: 00:00:55

Health: -7/45      AC:  6    Str: 12    XL:     5   Next: 21%
Magic:  5/5        EV: 11    Int: 13    God:
Gold:   87         SH:  0    Dex: 15    Spells: 5/6 levels left

rFire   + . .        a - +1 sling (heavy)
rCold   . . .        (no shield)
rNeg    . . .        k - +0 ring mail
rPois   .            (helmet restricted)
rElec   +            (no cloak)
rCorr   +            f - +0 pair of gloves
SInv    .            (no boots)
Will    .....        (no amulet)
Stlth   +            m - ring of resist corrosion
HPRegen 0.27/turn    b - ring of Hudutuon {rElec rF+ Int+3}
MPRegen 0.09/turn

%: no passive effects
@: no status effects
A: horns 2, retaliatory headbutt
a: no special abilities


You were on level 3 of the Dungeon.
You visited 1 branch of the dungeon, and saw 4 of its levels.

You collected 87 gold pieces.


Innate Abilities, Weirdness & Mutations

You have a pair of horns on your head.
You reflexively headbutt those who attack you in melee.


   Skills:
 - Level 3.3 Fighting
 + Level 5.0 Ranged Weapons
 - Level 1.0 Armour
 - Level 2.1 Dodging
 - Level 1.0 Spellcasting
 - Level 2.0 Hexes


You had 5 spell levels left.
You knew the following spells:

 Your Spells              Type           Power      Damage    Failure   Level
a - Slow                  Hex            20%        N/A       28%         1

Your spell library contained the following spells:

 Spells                   Type           Power      Damage    Failure   Level
 Inner Flame              Hex/Fire       3%         N/A       77%         3
 Portal Projectile        Hex/Tloc       6%         N/A       77%         3
 Cause Fear               Hex            2%         N/A       95%         4

Inventory:

Hand Weapons
 a - a +1 heavy sling (weapon)
Armour
 f - a +0 pair of gloves (worn)
 k - a +0 ring mail (worn)
Jewellery
 b - the ring of Hudutuon (right hand) {rElec rF+ Int+3}
   (You found it on level 3 of the Dungeon)

   [ring of protection from fire]

   Int:       It affects your intelligence (+3).
   rF:        It protects you from fire.
   rElec:     It insulates you from electricity.
 m - a ring of resist corrosion (left hand)
Scrolls
 h - a scroll of identify
Potions
 g - a potion of curing {unknown}
 i - a potion of enlightenment

Dungeon Overview and Level Annotations

Branches:
Dungeon (4/15)
 Temple: D:4-7

Altars:

Annotations:
D:3 4 runed translucent doors, Crazy Yiuf; qw's ghost, amateur MiHs


Message History

You see here a +0 hammer.
There is a stone staircase leading down here.
You climb downwards.
The ogre shouts!
You hear a shout!
Found a stone staircase leading up.
There is a stone staircase leading up here.
An ogre is nearby!
Waypoint 3 assigned to D:4.
You shoot a sling bullet.
The sling bullet closely misses the ogre.
You shoot a sling bullet. The sling bullet hits the ogre!
The ogre is heavily wounded.
The ogre barely misses you.
The ogre hits you with a +0 giant spiked club!
1835 ||| STAIRDANCE You climb upwards.
Level annotation: 4 runed translucent doors, Crazy Yiuf; qw's ghost, amateur MiHs
There is a stone staircase leading down here.
Enter note:
Enter note:
Enter note:
Enter note:
Enter note:
Enter note:
Enter note:
Enter note:
Enter note: You shoot a sling bullet.
The sling bullet hits the ogre.
The ogre is severely wounded.
The ogre hits you with a +0 giant spiked club!
The ogre hits you with a +0 giant spiked club!!
1838 ||| DRINKING potion of heal wounds.
You feel much better.
You shoot a sling bullet. The sling bullet hits the ogre!
The ogre is almost dead.
The ogre barely misses you.
You shoot a sling bullet.
The sling bullet barely misses the ogre.
The ogre hits you with a +0 giant spiked club!!
Ouch! That really hurt!
You die...

........# #..##...# .......##
##....#.########## #.....##
####............. #######
##########..........###
###...................###
#####...########..........##.
##.....### #..........##.
##..##############..........##.
#.......%....O@................
##############################.
#. #. ##


You could see an ogre.

Vanquished Creatures
  Ijyb (D:3)
  A gnoll (D:1)
  5 adders (D:2)
  A worm (D:2)
  3 dart slugs
  2 ball pythons
  6 bats
  5 endoplasms
  2 giant cockroaches
  5 goblins
  8 hobgoblins
  5 jackals (D:3)
  4 quokkas
  5 frilled lizards
  11 kobolds
  7 rats
71 creatures vanquished.

Notes
Turn   | Place    | Note
-------+----------+-------------------------------------------
     0 | D:1      | qw the Minotaur Hexslinger began the quest for the Orb.
     0 | D:1      | Reached XP level 1. HP: 16/16 MP: 1/1
     0 | D:1      | 0 ||| qw: Version: 0.3-a-52-g30416fa
     0 | D:1      | 0 ||| qw: Game counter: 5995
     0 | D:1      | 0 ||| qw: Melee chars always use a shield: true
     0 | D:1      | 0 ||| qw: God list: Okawaru
     0 | D:1      | 0 ||| qw: Allow faded altars: false
     0 | D:1      | 0 ||| qw: Do Orc after clearing Dungeon:15 true
     0 | D:1      | 0 ||| qw: Do second Lair branch before Depths: true
     0 | D:1      | 0 ||| qw: Lair rune preference: random
     0 | D:1      | 0 ||| qw: Goals: Normal
     0 | D:1      | 0 ||| PLANNING D:1-11
    58 | D:1      | Reached skill level 3 in Ranged Weapons
    58 | D:1      | Reached XP level 2. HP: 23/23 MP: 2/2
   212 | D:1      | Reached XP level 3. HP: 29/29 MP: 3/3
   424 | D:1      | 424 ||| UPGRADING to +0 leather armour.
   434 | D:1      | 434 ||| DROPPING +0 robe.
   435 | D:1      | 435 ||| UPGRADING to +0 ring mail.
   445 | D:1      | 445 ||| DROPPING +0 leather armour.
   446 | D:1      | 446 ||| DROPPING +6 ring of intelligence.
   447 | D:1      | 447 ||| UPGRADING to ring of resist corrosion.
   448 | D:1      | 448 ||| READING scroll labelled NUARIWN HOLE.
   449 | D:1      | 449 ||| READING scroll labelled QUCWUE NIFI.
   450 | D:1      | 450 ||| READING 2 scrolls labelled LACEIPPUMO.
   451 | D:1      | 451 ||| READING scroll labelled BONYTU EHALAESCH.
   452 | D:1      | 452 ||| READING scroll labelled BUUWKI XEMEMU.
   453 | D:1      | 453 ||| DROPPING scroll of poison.
   486 | D:2      | Reached skill level 4 in Ranged Weapons
   775 | D:2      | Reached skill level 1 in Armour
   821 | D:2      | Reached XP level 4. HP: 36/36 MP: 4/4
  1203 | D:2      | Reached skill level 5 in Ranged Weapons
  1267 | D:2      | 1267 ||| READING scroll labelled HULIFAO OTUODU.
  1268 | D:2      | 1268 ||| READING scroll labelled PELOIM PEAHA.
  1269 | D:2      | 1269 ||| READING scroll labelled WIMOHU EFO.
  1274 | D:2      | 1274 ||| DRINKING 2 fuming grey potions.
  1275 | D:2      | 1275 ||| READING 4 scrolls of identify.
  1275 | D:2      | 1275 ||| IDENTIFYING clear potion
  1276 | D:2      | 1276 ||| READING 3 scrolls of identify.
  1276 | D:2      | 1276 ||| IDENTIFYING metallic white potion
  1277 | D:2      | 1277 ||| DROPPING potion of lignification.
  1285 | D:3      | Found a runed translucent gate.
  1285 | D:3      | Found a runed translucent gate.
  1285 | D:3      | Found a runed translucent gate.
  1293 | D:3      | Identified the ring of Hudutuon {rElec rF+ Int+3}
  1300 | D:3      | Noticed qw's ghost (amateur MiHs)
  1438 | D:3      | Identified the +9 war axe of the Hero {vamp, rF+ rCorr
                  | Str-5 SInv}
  1601 | D:3      | Noticed Ijyb
  1608 | D:3      | Killed Ijyb
  1609 | D:3      | Reached skill level 3 in Fighting
  1609 | D:3      | Reached XP level 5. HP: 41/45 MP: 5/5
  1775 | D:3      | Found a runed translucent door.
  1776 | D:3      | Noticed Crazy Yiuf
  1779 | D:3      | 1779 ||| UPGRADING to +0 pair of gloves.
  1784 | D:3      | 1784 ||| UPGRADING to ring of Hudutuon {rElec rF+ Int+3}.
  1785 | D:3      | 1785 ||| READING scroll labelled HUDUHA SIT.
  1786 | D:3      | 1786 ||| READING 2 scrolls of identify.
  1786 | D:3      | 1786 ||| IDENTIFYING cyan potion
  1787 | D:3      | 1787 ||| DROPPING potion of brilliance.
  1832 | D:4      | Noticed an ogre
  1835 | D:4      | 1835 ||| STAIRDANCE
  1837 | D:3      | HP: 3/45 [ogre/+0 giant spiked club (22)]
  1838 | D:3      | 1838 ||| DRINKING potion of heal wounds.
  1840 | D:3      | Mangled by an ogre

Levels and vault maps discovered:
D:1:      denvon_arrival_planthouse, layout_rooms, minmay_misc_feat_square
D:2:      layout_basic
D:3:      layout_rooms, ebering_ghost_rock_garden, uniq_crazy_yiuf_cottage,
          uniq_ijyb
D:4:      kennysheep_spiral_hall, layout_basic, nicolae_overflow_hidden_temple,
          minmay_temple_entry_grid, minmay_hollow_rounded_squares, uniq_edmund,
          uniq_robin, uniq_duvessa

Skill      XL: |  1  2  3  4 |
---------------+-------------+-----
Ranged Weapons | 3 4 5 |  5.0
Fighting       | 2 3 |  3.3
Armour         | 1 |  1.0
Dodging        | |  2.1
Spellcasting   | |  1.0
Hexes          | |  2.0

Action                     |  1- 3 |  4- 6 || total
---------------------------+-------+-------++-------
   Fire: Sling             |    95 |    85 ||   180
    Use: Scroll            |     5 |     7 ||    12
         Potion            |       |     2 ||     2
 Armour: Robe              |     5 |       ||     5
         Ring mail         |     9 |    17 ||    26
  Dodge: Dodged            |    26 |    35 ||    61

Table legend:
 A = Non-vault XP
 B = Vault XP
 C = Vault XP percentage of total XP
 D = Non-vault monster count
 E = Vault monster count
 F = Vault count percentage of total count
                 A         B        C        D         E       F
            +---------+---------+-------+---------+---------+-------
      Total |     197 |      38 |  16.2 |      70 |       1 |   1.4
            +---------+---------+-------+---------+---------+-------
        D:1 |      57 |       0 |   0.0 |      25 |       0 |   0.0
        D:2 |     102 |       0 |   0.0 |      26 |       0 |   0.0
        D:3 |      38 |      38 |  50.0 |      19 |       1 |   5.0
            +---------+---------+-------+---------+---------+-------
